 Dungeon Crawl Stone Soup version 0.30-a0-241-g1121274140 (webtiles) character file.

Game seed: 3288804660471431320

42227 qw the Blocker (level 14, -5/88 HPs)
             Began as a Gargoyle Fighter on Oct 10, 2022.
             Was a High Priest of Okawaru.
             Killed from afar by a molten gargoyle (32 damage)
             ... with a bolt of magma
             ... on level 5 of the Lair of Beasts.
             The game lasted 00:06:00 (14748 turns).

qw the Blocker (Gargoyle Fighter)                  Turns: 14748, Time: 00:06:01

Health: -5/88      AC: 37    Str: 24    XL:     14   Next: 18%
Magic:  21/21      EV:  8    Int: 10    God:    Okawaru [*****.]
Gold:   1637       SH: 20    Dex:  9    Spells: 13/13 levels left

rFire   . . .      SeeInvis .    e - +6 war axe (elec)
rCold   + . .      Faith    .    w - +0 tower shield
rNeg    + . .      Spirit   .    A - +4 plate armour {rPois}
rPois   inf        Reflect  .    j - +1 helmet of Whack-A-Mole {Rampage Fly}
rElec   +          Harm     .    v - +1 cloak "Tuacyll" {Slay+2}
rCorr   +          Rampage  +    o - +0 pair of gloves
Will    +....                    (no boots)
Stlth   ..........               k - amulet of the acrobat
HPRegen 0.34/turn                r - ring of resist corrosion
MPRegen 0.17/turn                l - ring of protection from cold

@: heroic, flying
A: sickness immunity, AC +10, big wings, negative energy resistance 1,
electricity resistance, torment resistance 1, petrification resistance
a: Renounce Religion, Heroism, Finesse, Duel


You were on level 5 of the Lair of Beasts.
You worshipped Okawaru.
Okawaru was extremely pleased with you.
You visited 3 branches of the dungeon, and saw 15 of its levels.

You collected 1637 gold pieces.


Innate Abilities, Weirdness & Mutations

You are immune to sickness and miasma.
Your stone body is resilient. (AC +10)
You are immune to poison.
Your large and strong wings let you fly.
You resist negative energy. (rN+)
You are resistant to electric shocks. (rElec)
You are resistant to unholy torment.
You are immune to petrification.


   Skills:
 - Level 10.0(15.0) Fighting
 + Level 12.7(17.7) Axes
 - Level 3.0(8.0) Throwing
 - Level 9.0(14.0) Armour
 - Level 2.2(7.2) Dodging
 - Level 14.8(19.8) Shields
 - Level 10.1 Invocations


You had 13 spell levels left.
You didn't know any spells.
Your spell library was empty.

Inventory:

Hand Weapons
 e - a +6 war axe of electrocution (weapon)
 z - a +7 morningstar of venom
Missiles
 h - 3 boomerangs
 y - 5 javelins (quivered)
Armour
 j - the +1 helmet of Whack-A-Mole (worn) {Rampage Fly}
   (You found it on level 3 of the Dungeon)

   Fly:       It grants you flight.
   Rampage:   It bestows one free step when moving towards enemies.
 o - a +0 pair of gloves (worn)
 v - the +1 cloak "Tuacyll" (worn) {Slay+2}
   (You found it on level 8 of the Dungeon)

   Slay:      It affects your accuracy & damage with ranged weapons and melee
   (+2).
 w - a +0 tower shield (worn)
 A - a +4 plate armour of poison resistance (worn)
Jewellery
 k - an amulet of the acrobat (around neck)
 l - a ring of protection from cold (right hand)
 r - a ring of resist corrosion (left hand)
Scrolls
 b - a scroll of teleportation
 q - 2 scrolls of identify
Potions
 a - 4 potions of heal wounds
 c - 2 potions of curing
 d - 3 potions of might
 f - a potion of cancellation
 g - 4 potions of haste
 i - 3 potions of lignification
 m - 4 potions of attraction
 p - 2 potions of mutation
 s - a potion of magic
 x - a potion of resistance

Dungeon Overview and Level Annotations

Branches:
Dungeon (9/15)             Temple (1/1) D:4            Lair (5/5) D:9
  Swamp (0/4) Lair:2       Spider (0/4) Lair:2        Slime (0/5) Lair:4
    Orc (0/2) D:9

Altars:
Ashenzari
Cheibriados
Dithmenos
Elyvilon
Fedhas
Gozag
Hepliaklqana
Makhleb
Nemelex Xobeh
Okawaru
Qazlal
Ru
Sif Muna
Trog
Uskayaw
Vehumet
Wu Jian
Xom
Yredelemnul
Zin
Jiyva

Shops:
D:8 (

Annotations:
Lair:3 2 transporters, Fuxod's ghost, journeyman GnWn


Message History

You block the polar bear's attack.
The polar bear claws you but does no damage.
You block the polar bear's attack.
You slice the polar bear!!
You kill the polar bear!
Okawaru accepts your kill.
You barely miss the polar bear. The polar bear barely misses you.
The polar bear completely misses you. The polar bear closely misses you.
A molten gargoyle comes into view. It is wielding a +0 mace.
You slice the polar bear!!
The polar bear is heavily wounded.
You hit the wolf. Lightning courses through the wolf!
The wolf bites you but does no damage.
You slice the wolf!!
You kill the wolf!
Okawaru accepts your kill.
You closely miss the polar bear.
You block the polar bear's attack. x2; The polar bear claws you.
You hit the polar bear.
Lightning courses through the polar bear!
The polar bear is almost dead.
The polar bear goes berserk!
A basilisk comes into view.
The basilisk hisses angrily.
You slash the polar bear!
Lightning courses through the polar bear!
You kill the polar bear!
Okawaru accepts your kill.
You rampage towards the molten gargoyle!
A basilisk comes into view.
The basilisk hisses angrily.
You hit the molten gargoyle.
The molten gargoyle is lightly damaged.
You block the molten gargoyle's attack.
You hit the molten gargoyle.
The molten gargoyle is lightly damaged.
The molten gargoyle blasts magma at you!
The bolt of magma hits you!!
You die...

#.#.....##
##...##
##..#
#P..##
##...# #.
##...#
#.##..%.#
##...#%).#
#.....@.##
#....l9##
##[....#
#......#
##..##..
#... .(l
##.. ...
P. ....


You could see 2 basilisks and a molten gargoyle.

Vanquished Creatures
  Snorg (Lair:3)
  3 hydras (Lair:4)
  A two-headed ogre (D:9)
  2 death yaks
  Urug (Lair:3)
  2 bog bodies (Lair:2)
  12 elephants
  4 black mambas
  12 cane toads
  A molten gargoyle (Lair:5)
  2 torpor snails
  5 rime drakes
  3 komodo dragons
  2 polar bears (Lair:5)
  2 trolls (D:9)
  9 blink frogs
  3 hornets
  Grinder (D:3)
  4 dream sheep (Lair:4)
  8 jumping spiders (Lair:2)
  2 culicivoras (Lair:2)
  A vampire (D:9)
  50 yaks
  Grum (Lair:1)
  7 wyverns
  2 redbacks (Lair:2)
  Menkaure (D:7)
  2 steam dragons
  Edmund (D:6)
  Duvessa (D:7)
  25 water moccasins
  2 hell hounds (Lair:5)
  2 ice beasts
  7 orc warriors
  2 sky beasts
  3 black bears
  3 ogres
  29 wolves
  2 centaurs (D:8)
  2 kobold brigands (D:9)
  10 bullfrogs
  A necrophage (D:6)
  A gnoll sergeant (D:9)
  3 scorpions
  5 wights (D:7)
  Dowan (D:7)
  6 killer bees
  3 howler monkeys
  2 electric eels
  A jelly (D:4)
  9 orc priests
  5 hounds
  A gnoll bouda (D:5)
  3 iguanas
  8 orc wizards
  6 hell rats (Lair:2)
  10 gnolls
  9 adders
  A white imp (D:7)
  2 ufetubi
  2 worms
  5 dart slugs
  33 orcs
  10 endoplasms
  2 giant cockroaches (D:1)
  10 goblins
  3 hobgoblins
  2 jackals (D:1)
  2 quokkas
  11 ball pythons
  A bat (D:2)
  2 frilled lizards
  9 kobolds
  4 rats
  A bush (D:9)
407 creatures vanquished.

Vanquished Creatures (others)
  Psyche (D:8)
  19 fungi
  63 plants
83 creatures vanquished.

Grand Total: 490 creatures vanquished

Notes
Turn   | Place    | Note
-------+----------+-------------------------------------------
     0 | D:1      | qw the Gargoyle Fighter began the quest for the Orb.
     0 | D:1      | Reached XP level 1. HP: 14/14 MP: 1/1
     0 | D:1      | 0 ||| qw: Version: 0.2-a-17-g06abaee
     0 | D:1      | 0 ||| qw: Game counter: 2363
     0 | D:1      | 0 ||| qw: Always use a shield: true
     0 | D:1      | 0 ||| qw: God list: Okawaru
     0 | D:1      | 0 ||| qw: Allow faded altars: false
     0 | D:1      | 0 ||| qw: Do Orc after D:15 true
     0 | D:1      | 0 ||| qw: Do second Lair branch before Depths: true
     0 | D:1      | 0 ||| qw: Lair rune preference: random
     0 | D:1      | 0 ||| qw: Plans: Normal, Zot:1-4, God:TSO, Crypt, Tomb,
                  | Pan, Slime:5, Hells, Abyss, Orb
     0 | D:1      | 0 ||| PLANNING D:1-11
   176 | D:1      | Reached XP level 2. HP: 13/19 MP: 2/2
   260 | D:1      | 260 ||| Stepping ~*~*~tactically~*~*~ (hiding).
   447 | D:1      | 447 ||| DROPPING +0 club.
  1094 | D:1      | 1094 ||| READING scroll labelled POSSITANUGG.
  1095 | D:1      | 1095 ||| READING scroll labelled OSHOTZO AGHIQEF.
  1100 | D:1      | 1100 ||| READING 3 scrolls labelled LYOB GARGHAKORI.
  1101 | D:1      | 1101 ||| READING scroll labelled HEELYZOVAI.
  1102 | D:1      | 1102 ||| DROPPING 2 scrolls of immolation.
  1125 | D:2      | 1125 ||| STAIRDANCE
  1131 | D:1      | Reached skill level 3 in Axes
  1136 | D:2      | 1136 ||| STAIRDANCE
  1165 | D:2      | Identified the +2 whip "Giantslayer" {vorpal, Stlth+}
  1167 | D:2      | 1167 ||| FLEEEEING.
  1168 | D:2      | 1168 ||| FLEEEEING.
  1169 | D:2      | 1169 ||| FLEEEEING.
  1170 | D:2      | 1170 ||| FLEEEEING.
  1171 | D:2      | 1171 ||| FLEEEEING.
  1177 | D:2      | 1177 ||| STAIRDANCE
  1189 | D:1      | 1189 ||| READING scroll labelled JUSAMI WIOLYJ.
  1195 | D:2      | Reached skill level 1 in Throwing
  1195 | D:2      | Reached XP level 3. HP: 23/23 MP: 3/3
  1221 | D:2      | 1221 ||| Stepping ~*~*~tactically~*~*~ (stealth).
  1238 | D:2      | 1238 ||| FLEEEEING.
  1239 | D:2      | 1239 ||| FLEEEEING.
  1240 | D:2      | 1240 ||| FLEEEEING.
  1242 | D:2      | 1242 ||| FLEEEEING.
  1243 | D:2      | 1243 ||| FLEEEEING.
  1244 | D:2      | 1244 ||| FLEEEEING.
  1246 | D:2      | 1246 ||| FLEEEEING.
  1247 | D:2      | 1247 ||| FLEEEEING.
  1248 | D:2      | 1248 ||| FLEEEEING.
  1249 | D:2      | 1249 ||| FLEEEEING.
  1250 | D:2      | 1250 ||| FLEEEEING.
  1251 | D:2      | 1251 ||| FLEEEEING.
  1252 | D:2      | 1252 ||| FLEEEEING.
  1253 | D:2      | 1253 ||| FLEEEEING.
  1275 | D:2      | 1275 ||| DROPPING +0 whip.
  1419 | D:2      | 1419 ||| Stepping ~*~*~tactically~*~*~ (hiding).
  1545 | D:2      | Reached XP level 4. HP: 28/28 MP: 4/4
  1893 | D:2      | 1893 ||| UPGRADING to +2 cloak.
  1898 | D:2      | 1898 ||| UPGRADING to amulet of the acrobat.
  1903 | D:2      | 1903 ||| READING scroll labelled CINECOLERO.
  1904 | D:2      | 1904 ||| READING scroll labelled QOUFYI FOFO.
  1905 | D:2      | 1905 ||| READING scroll labelled ONIUKO ULAU.
  1906 | D:2      | 1906 ||| DRINKING 2 emerald potions.
  1907 | D:2      | 1907 ||| DRINKING 2 fizzy cyan potions.
  1908 | D:2      | 1908 ||| DROPPING potion of flight.
  2005 | D:3      | Noticed Grinder
  2008 | D:3      | 2008 ||| Stepping ~*~*~tactically~*~*~ (hiding).
  2013 | D:3      | 2013 ||| Stepping ~*~*~tactically~*~*~ (hiding).
  2023 | D:3      | 2023 ||| Stepping ~*~*~tactically~*~*~ (hiding).
  2029 | D:3      | 2029 ||| Stepping ~*~*~tactically~*~*~ (hiding).
  2036 | D:3      | Killed Grinder
  2037 | D:3      | Reached XP level 5. HP: 19/32 MP: 5/5
  2037 | D:3      | Reached XP level 6. HP: 22/37 MP: 6/6
  2086 | D:3      | 2086 ||| Stepping ~*~*~tactically~*~*~ (stealth).
  2104 | D:3      | Identified the +1 helmet of Whack-A-Mole {Rampage Fly}
  2169 | D:3      | Noticed a +0 falchion
  2170 | D:3      | Noticed a +0 dagger
  2171 | D:3      | Noticed a +0 dagger
  2171 | D:3      | Noticed a +0 short sword
  2171 | D:3      | Noticed a +0 spear
  2172 | D:3      | Noticed a +0 falchion
  2172 | D:3      | Noticed a +0 short sword
  2172 | D:3      | Noticed a +0 spear
  2184 | D:3      | Found a hide-covered altar of Uskayaw.
  2202 | D:3      | 2202 ||| SWAPPING to +2 war axe of electrocution.
  2203 | D:3      | 2203 ||| DROPPING +1 war axe.
  2296 | D:3      | 2296 ||| Stepping ~*~*~tactically~*~*~ (hiding).
  2598 | D:3      | 2598 ||| Stepping ~*~*~tactically~*~*~ (stealth).
  2691 | D:3      | 2691 ||| UPGRADING to +1 helmet of Whack-A-Mole {Rampage
                  | Fly}.
  2696 | D:3      | 2696 ||| UPGRADING to +0 chain mail.
  2706 | D:3      | 2706 ||| DROPPING +0 scale mail.
  2707 | D:3      | 2707 ||| READING 2 scrolls of identify.
  2707 | D:3      | 2707 ||| IDENTIFYING fizzy green potion
  2837 | D:4      | 2837 ||| Stepping ~*~*~tactically~*~*~ (stealth).
  3000 | D:4      | Found a staircase to the Ecumenical Temple.
  3001 | D:4      | 3001 ||| PLANNING TEMPLE
  3001 | D:4      | 3001 ||| READING scroll labelled JIYNTE BEOXEHO.
  3002 | D:4      | 3002 ||| READING 2 scrolls of identify.
  3002 | D:4      | 3002 ||| IDENTIFYING green potion
  3008 | Temple   | Entered the Ecumenical Temple
  3020 | Temple   | 3020 ||| PLANNING D:1-11
  3273 | D:4      | Found a snail-covered altar of Cheibriados.
  3463 | D:4      | Reached skill level 6 in Axes
  3603 | D:4      | 3603 ||| UPGRADING to ring of resist corrosion.
  3627 | D:5      | Entered Level 5 of the Dungeon
  3627 | D:5      | Noticed a water moccasin
  3629 | D:5      | 3629 ||| STAIRDANCE
  3640 | D:4      | Reached XP level 7. HP: 43/43 MP: 7/7
  3655 | D:5      | 3655 ||| STAIRDANCE
  3724 | D:5      | 3724 ||| Stepping ~*~*~tactically~*~*~ (stealth).
  3778 | D:5      | 3778 ||| FLEEEEING.
  3779 | D:5      | 3779 ||| FLEEEEING.
  3780 | D:5      | 3780 ||| FLEEEEING.
  3781 | D:5      | 3781 ||| FLEEEEING.
  3782 | D:5      | 3782 ||| FLEEEEING.
  3783 | D:5      | 3783 ||| FLEEEEING.
  3809 | D:5      | 3809 ||| DROPPING +2 whip "Giantslayer" {vorpal, Stlth+,
                  | mikee}.
  3810 | D:5      | 3810 ||| DROPPING +0 flail.
  3828 | D:5      | 3828 ||| Stepping ~*~*~tactically~*~*~ (hiding).
  4007 | D:5      | 4007 ||| DRINKING 2 potions of curing.
  4007 | D:5      | 4007 ||| (to cure confusion)
  4014 | D:5      | Reached XP level 8. HP: 43/48 MP: 8/8
  4617 | D:5      | 4617 ||| DROPPING orb of energy.
  4618 | D:5      | 4618 ||| UPGRADING to +0 tower shield.
  4628 | D:5      | 4628 ||| DROPPING +0 buckler.
  4629 | D:5      | 4629 ||| READING 3 scrolls labelled LAOTAU QOLIU.
  4630 | D:5      | 4630 ||| READING scroll labelled XILEEN ZEIRUSHRU.
  4630 | D:5      | Identified a scroll of acquirement
  4630 | D:5      | 4630 ||| ACQUIRING 797 gold pieces
  4630 | D:5      | Acquired 797 gold pieces
  4632 | D:5      | 4632 ||| DRINKING 2 smoky puce potions.
  4661 | D:5      | 4661 ||| READING 3 scrolls of identify.
  4661 | D:5      | 4661 ||| IDENTIFYING metallic red potion
  4662 | D:5      | 4662 ||| READING 2 scrolls of identify.
  4662 | D:5      | 4662 ||| IDENTIFYING glowing purple potion
  4663 | D:5      | 4663 ||| DROPPING 2 scrolls of amnesia.
  4664 | D:5      | 4664 ||| DROPPING potion of berserk rage.
  4791 | D:6      | Found a sparkling altar of Nemelex Xobeh.
  4807 | D:6      | Reached skill level 4 in Shields
  4818 | D:6      | Reached skill level 5 in Shields
  4906 | D:6      | Found a shadowy altar of Dithmenos.
  4909 | D:6      | 4909 ||| Stepping ~*~*~tactically~*~*~ (stealth).
  4942 | D:6      | 4942 ||| Stepping ~*~*~tactically~*~*~ (stealth).
  4951 | D:6      | Reached skill level 6 in Shields
  5013 | D:6      | Identified the +7 long sword of Cyeckont {vorpal, rPois
                  | rF++ rC- Stlth+}
  5301 | D:6      | 5301 ||| Stepping ~*~*~tactically~*~*~ (hiding).
  5341 | D:6      | 5341 ||| Stepping ~*~*~tactically~*~*~ (stealth).
  5347 | D:6      | Reached skill level 7 in Shields
  5361 | D:6      | Noticed Edmund
  5378 | D:6      | Killed Edmund
  5379 | D:6      | Reached XP level 9. HP: 49/54 MP: 9/9
  5396 | D:6      | 5396 ||| DROPPING +1 vorpal flail.
  5605 | D:6      | Reached skill level 8 in Shields
  5650 | D:6      | 5650 ||| READING scroll labelled FEN HAFREENI.
  5651 | D:6      | 5651 ||| READING 2 scrolls of identify.
  5651 | D:6      | 5651 ||| IDENTIFYING fizzy emerald potion
  5722 | D:7      | 5722 ||| FLEEEEING.
  5723 | D:7      | 5723 ||| FLEEEEING.
  5724 | D:7      | 5724 ||| FLEEEEING.
  5727 | D:7      | 5727 ||| STAIRDANCE
  5885 | D:7      | 5885 ||| DROPPING +3 flail of protection.
  5999 | D:7      | Reached skill level 9 in Shields
  6034 | D:7      | Noticed Duvessa
  6035 | D:7      | Found a bloodstained altar of Trog.
  6035 | D:7      | Noticed Dowan
  6036 | D:7      | 6036 ||| Stepping ~*~*~tactically~*~*~ (hiding).
  6037 | D:7      | 6037 ||| Stepping ~*~*~tactically~*~*~ (hiding).
  6049 | D:7      | Killed Duvessa
  6054 | D:7      | Killed Dowan
  6078 | D:7      | Noticed Menkaure
  6089 | D:7      | Killed Menkaure
  6237 | D:7      | 6237 ||| READING scroll of enchant weapon.
  6237 | D:7      | 6237 ||| ENCHANTING +2 war axe of draining.
  6264 | D:7      | 6264 ||| Stepping ~*~*~tactically~*~*~ (stealth).
  6271 | D:7      | Reached skill level 10 in Shields
  6435 | D:7      | 6435 ||| Stepping ~*~*~tactically~*~*~ (hiding).
  6887 | D:7      | 6887 ||| UPGRADING to ring of protection from cold.
  6888 | D:7      | 6888 ||| DRINKING 2 grey potions.
  6889 | D:7      | 6889 ||| READING 2 scrolls of identify.
  6889 | D:7      | 6889 ||| IDENTIFYING inky potion
  6934 | D:8      | Reached skill level 11 in Shields
  6936 | D:8      | Found a flagged portal.
  6954 | D:8      | Noticed a hornet
  6959 | D:8      | Killed a hornet
  7018 | D:8      | 7018 ||| Stepping ~*~*~tactically~*~*~ (stealth).
  7022 | D:8      | Reached XP level 10. HP: 59/59 MP: 10/10
  7023 | D:8      | 7023 ||| Stepping ~*~*~tactically~*~*~ (hiding).
  7026 | D:8      | 7026 ||| Stepping ~*~*~tactically~*~*~ (hiding).
  7027 | D:8      | 7027 ||| Stepping ~*~*~tactically~*~*~ (hiding).
  7062 | D:8      | Found Capnyxt's Weapon Shop.
  7079 | D:8      | 7079 ||| Stepping ~*~*~tactically~*~*~ (stealth).
  7102 | D:8      | Identified the +1 cloak "Tuacyll" {Slay+2}
  7380 | D:8      | Noticed Psyche
  7381 | D:8      | 7381 ||| Stepping ~*~*~tactically~*~*~ (hiding).
  7388 | D:8      | Killed Psyche
  7501 | D:8      | Found an iron altar of Okawaru.
  7502 | D:8      | 7502 ||| PLANNING OKAWARU WORSHIP
  7502 | D:8      | 7502 ||| UPGRADING to +1 cloak "Tuacyll" {Slay+2}.
  7512 | D:8      | 7512 ||| DROPPING +2 cloak.
  7513 | D:8      | 7513 ||| READING scroll labelled OPARREEBOCK.
  7554 | D:8      | 7554 ||| READING scroll labelled ZEVVID KUSCHYTA.
  7558 | D:8      | Became a worshipper of Warmaster Okawaru
  7559 | D:8      | 7559 ||| PLANNING D:1-11
  7666 | D:9      | 7666 ||| DRINKING 2 potions of curing.
  7666 | D:9      | 7666 ||| (to cure confusion)
  7679 | D:9      | 7679 ||| DRINKING potion of curing.
  7679 | D:9      | 7679 ||| (to cure confusion)
  7723 | D:9      | HP: 15/60 [orc priest/divine providence (17)]
  7724 | D:9      | 7724 ||| READING 3 scrolls of teleportation.
  7725 | D:9      | 7725 ||| DRINKING 3 potions of heal wounds.
  7823 | D:9      | Reached skill level 6 in Fighting
  7835 | D:9      | 7835 ||| Stepping ~*~*~tactically~*~*~ (stealth).
  7836 | D:9      | 7836 ||| Stepping ~*~*~tactically~*~*~ (stealth).
  7860 | D:9      | 7860 ||| Stepping ~*~*~tactically~*~*~ (hiding).
  7861 | D:9      | 7861 ||| Stepping ~*~*~tactically~*~*~ (hiding).
  7882 | D:9      | Reached * piety under Okawaru
  7883 | D:9      | 7883 ||| INVOKING Heroism.
  7953 | D:9      | 7953 ||| Stepping ~*~*~tactically~*~*~ (stealth).
  7954 | D:9      | 7954 ||| FLEEEEING.
  7955 | D:9      | 7955 ||| FLEEEEING.
  7956 | D:9      | 7956 ||| FLEEEEING.
  7959 | D:9      | 7959 ||| STAIRDANCE
  8022 | D:9      | 8022 ||| Stepping ~*~*~tactically~*~*~ (stealth).
  8034 | D:9      | Reached skill level 9 in Axes
  8045 | D:9      | 8045 ||| FLEEEEING.
  8046 | D:9      | 8046 ||| FLEEEEING.
  8047 | D:9      | 8047 ||| STAIRDANCE
  8072 | D:9      | 8072 ||| STAIRDANCE
  8138 | D:9      | 8138 ||| INVOKING Heroism.
  8142 | D:9      | Reached skill level 1 in Invocations
  8201 | D:9      | 8201 ||| Stepping ~*~*~tactically~*~*~ (stealth).
  8202 | D:9      | 8202 ||| INVOKING Heroism.
  8203 | D:9      | 8203 ||| Stepping ~*~*~tactically~*~*~ (stealth).
  8203 | D:9      | Found a staircase to the Lair.
  8209 | D:9      | Reached ** piety under Okawaru
  8210 | D:9      | Reached skill level 3 in Invocations
  8299 | D:9      | 8299 ||| INVOKING Heroism.
  8312 | D:9      | Reached skill level 12 in Shields
  8385 | D:9      | Found a staircase to the Orcish Mines.
  8421 | D:9      | 8421 ||| INVOKING Heroism.
  8428 | D:9      | Reached XP level 11. HP: 64/64 MP: 12/14
  8460 | D:9      | 8460 ||| Stepping ~*~*~tactically~*~*~ (stealth).
  8461 | D:9      | 8461 ||| INVOKING Heroism.
  8470 | D:9      | 8470 ||| Stepping ~*~*~tactically~*~*~ (stealth).
  8471 | D:9      | 8471 ||| Stepping ~*~*~tactically~*~*~ (stealth).
  8471 | D:9      | Noticed a two-headed ogre
  8473 | D:9      | 8473 ||| Stepping ~*~*~tactically~*~*~ (stealth).
  8475 | D:9      | 8475 ||| Stepping ~*~*~tactically~*~*~ (stealth).
  8478 | D:9      | Killed a two-headed ogre
  8482 | D:9      | 8482 ||| Stepping ~*~*~tactically~*~*~ (hiding).
  8490 | D:9      | 8490 ||| Stepping ~*~*~tactically~*~*~ (stealth).
  8505 | D:9      | 8505 ||| INVOKING Heroism.
  8566 | D:9      | 8566 ||| INVOKING Heroism.
  8663 | D:9      | Found a faded altar of an unknown god.
  8663 | D:9      | Found a basalt altar of Yredelemnul.
  8669 | D:9      | Found a faded altar of an unknown god.
  8671 | D:9      | Found a burning altar of Makhleb.
  8674 | D:9      | Found an opulent altar of Gozag.
  8774 | D:9      | Reached *** piety under Okawaru
  8958 | D:9      | 8958 ||| PLANNING LAIR
  8958 | D:9      | 8958 ||| UPGRADING to +0 plate armour.
  8968 | D:9      | 8968 ||| DROPPING +0 chain mail.
  9008 | Lair:1   | Entered Level 1 of the Lair of Beasts
  9025 | Lair:1   | 9025 ||| Stepping ~*~*~tactically~*~*~ (stealth).
  9026 | Lair:1   | 9026 ||| Stepping ~*~*~tactically~*~*~ (stealth).
  9035 | Lair:1   | 9035 ||| INVOKING Heroism.
  9055 | Lair:1   | Reached skill level 6 in Armour
  9066 | Lair:1   | 9066 ||| INVOKING Heroism.
  9081 | Lair:1   | Reached **** piety under Okawaru
  9119 | Lair:1   | 9119 ||| Stepping ~*~*~tactically~*~*~ (stealth).
  9124 | Lair:1   | 9124 ||| INVOKING Heroism.
  9141 | Lair:1   | 9141 ||| Stepping ~*~*~tactically~*~*~ (stealth).
  9144 | Lair:1   | 9144 ||| Stepping ~*~*~tactically~*~*~ (stealth).
  9146 | Lair:1   | 9146 ||| Stepping ~*~*~tactically~*~*~ (stealth).
  9147 | Lair:1   | 9147 ||| Stepping ~*~*~tactically~*~*~ (stealth).
  9151 | Lair:1   | 9151 ||| INVOKING Heroism.
  9164 | Lair:1   | Received a gift from Okawaru
  9244 | Lair:1   | 9244 ||| INVOKING Heroism.
  9268 | Lair:1   | Reached skill level 6 in Invocations
  9273 | Lair:1   | Reached ***** piety under Okawaru
  9288 | Lair:1   | 9288 ||| Stepping ~*~*~tactically~*~*~ (stealth).
  9289 | Lair:1   | 9289 ||| Stepping ~*~*~tactically~*~*~ (stealth).
  9294 | Lair:1   | 9294 ||| Stepping ~*~*~tactically~*~*~ (stealth).
  9295 | Lair:1   | 9295 ||| Stepping ~*~*~tactically~*~*~ (stealth).
  9313 | Lair:1   | 9313 ||| Stepping ~*~*~tactically~*~*~ (stealth).
  9318 | Lair:1   | 9318 ||| INVOKING Heroism.
  9325 | Lair:1   | Reached XP level 12. HP: 62/72 MP: 14/17
  9413 | Lair:1   | Reached skill level 13 in Shields
  9413 | Lair:1   | 9413 ||| Stepping ~*~*~tactically~*~*~ (stealth).
  9427 | Lair:1   | Noticed Grum
  9428 | Lair:1   | 9428 ||| Stepping ~*~*~tactically~*~*~ (hiding).
  9434 | Lair:1   | 9434 ||| INVOKING Heroism.
  9435 | Lair:1   | 9435 ||| INVOKING Finesse.
  9447 | Lair:1   | Killed Grum
  9601 | Lair:1   | 9601 ||| Stepping ~*~*~tactically~*~*~ (stealth).
  9603 | Lair:1   | 9603 ||| Stepping ~*~*~tactically~*~*~ (stealth).
  9606 | Lair:1   | 9606 ||| Stepping ~*~*~tactically~*~*~ (stealth).
  9614 | Lair:1   | 9614 ||| Stepping ~*~*~tactically~*~*~ (stealth).
  9620 | Lair:1   | 9620 ||| Stepping ~*~*~tactically~*~*~ (stealth).
  9633 | Lair:1   | Reached skill level 3 in Throwing
  9740 | Lair:1   | 9740 ||| INVOKING Heroism.
  9740 | Lair:1   | Noticed a death yak
  9741 | Lair:1   | 9741 ||| INVOKING Finesse.
  9754 | Lair:1   | Killed a death yak
 10248 | Lair:1   | 10248 ||| READING scroll labelled COASUOCRUA.
 10249 | Lair:1   | 10249 ||| READING scroll labelled JONWAZ ERIME.
 10266 | Lair:2   | 10266 ||| STAIRDANCE
 10273 | Lair:2   | 10273 ||| STAIRDANCE
 10275 | Lair:1   | 10275 ||| INVOKING Heroism.
 10318 | Lair:2   | 10318 ||| INVOKING Heroism.
 10328 | Lair:2   | Reached skill level 9 in Invocations
 10346 | Lair:2   | 10346 ||| Stepping ~*~*~tactically~*~*~ (stealth).
 10347 | Lair:2   | 10347 ||| Stepping ~*~*~tactically~*~*~ (stealth).
 10402 | Lair:2   | 10402 ||| Stepping ~*~*~tactically~*~*~ (stealth).
 10404 | Lair:2   | 10404 ||| Stepping ~*~*~tactically~*~*~ (stealth).
 10405 | Lair:2   | 10405 ||| Stepping ~*~*~tactically~*~*~ (stealth).
 10437 | Lair:2   | 10437 ||| Stepping ~*~*~tactically~*~*~ (stealth).
 10530 | Lair:2   | 10530 ||| Stepping ~*~*~tactically~*~*~ (stealth).
 10533 | Lair:2   | 10533 ||| Stepping ~*~*~tactically~*~*~ (stealth).
 10535 | Lair:2   | 10535 ||| Stepping ~*~*~tactically~*~*~ (stealth).
 10539 | Lair:2   | 10539 ||| Stepping ~*~*~tactically~*~*~ (stealth).
 10540 | Lair:2   | 10540 ||| Stepping ~*~*~tactically~*~*~ (stealth).
 10546 | Lair:2   | Received a gift from Okawaru
 10602 | Lair:2   | 10602 ||| DROPPING +3 war axe of draining.
 10619 | Lair:2   | Found a staircase to the Swamp.
 10810 | Lair:2   | 10810 ||| Stepping ~*~*~tactically~*~*~ (stealth).
 10837 | Lair:2   | Found a hole to the Spider Nest.
 10838 | Lair:2   | 10838 ||| Stepping ~*~*~tactically~*~*~ (stealth).
 10840 | Lair:2   | 10840 ||| INVOKING Heroism.
 10878 | Lair:2   | 10878 ||| INVOKING Heroism.
 10888 | Lair:2   | HP: 13/73 [culicivora (13)]
 10889 | Lair:2   | Reached XP level 13. HP: 14/78 MP: 18/20
 10889 | Lair:2   | 10889 ||| READING 3 scrolls of teleportation.
 10890 | Lair:2   | 10890 ||| DRINKING 2 potions of heal wounds.
 11031 | Lair:2   | 11031 ||| INVOKING Heroism.
 11113 | Lair:2   | 11113 ||| READING scroll of enchant weapon.
 11113 | Lair:2   | 11113 ||| ENCHANTING +3 war axe of draining.
 11243 | Lair:2   | 11243 ||| Stepping ~*~*~tactically~*~*~ (stealth).
 11269 | Lair:2   | 11269 ||| Stepping ~*~*~tactically~*~*~ (stealth).
 11303 | Lair:2   | 11303 ||| INVOKING Heroism.
 11304 | Lair:2   | 11304 ||| INVOKING Finesse.
 11343 | Lair:2   | 11343 ||| INVOKING Heroism.
 11355 | Lair:2   | 11355 ||| INVOKING Finesse.
 11362 | Lair:2   | 11362 ||| INVOKING Heroism.
 11362 | Lair:2   | HP: 16/79 [oklob plant/splash of acid (5)]
 11363 | Lair:2   | 11363 ||| READING 2 scrolls of teleportation.
 11364 | Lair:2   | 11364 ||| DRINKING potion of heal wounds.
 11547 | Lair:2   | Reached skill level 9 in Fighting
 11985 | Lair:2   | 11985 ||| READING 2 scrolls of identify.
 11985 | Lair:2   | 11985 ||| IDENTIFYING bubbling ruby potion
 11986 | Lair:2   | 11986 ||| DROPPING potion of brilliance.
 12022 | Lair:3   | 12022 ||| Stepping ~*~*~tactically~*~*~ (stealth).
 12027 | Lair:3   | 12027 ||| Stepping ~*~*~tactically~*~*~ (stealth).
 12034 | Lair:3   | 12034 ||| Stepping ~*~*~tactically~*~*~ (stealth).
 12281 | Lair:3   | 12281 ||| Stepping ~*~*~tactically~*~*~ (stealth).
 12303 | Lair:3   | Noticed Snorg
 12304 | Lair:3   | 12304 ||| INVOKING Heroism.
 12305 | Lair:3   | 12305 ||| INVOKING Finesse.
 12313 | Lair:3   | Killed Snorg
 12369 | Lair:3   | 12369 ||| INVOKING Heroism.
 12371 | Lair:3   | Noticed Urug
 12372 | Lair:3   | 12372 ||| INVOKING Finesse.
 12382 | Lair:3   | Reached skill level 14 in Shields
 12402 | Lair:3   | Killed Urug
 12428 | Lair:3   | 12428 ||| SWAPPING to +3 war axe of electrocution.
 12429 | Lair:3   | 12429 ||| DROPPING +4 war axe of draining.
 12463 | Lair:3   | Found a transporter.
 12467 | Lair:3   | Noticed Fuxod's ghost (journeyman GnWn)
 12549 | Lair:3   | 12549 ||| Stepping ~*~*~tactically~*~*~ (hiding).
 12550 | Lair:3   | 12550 ||| Stepping ~*~*~tactically~*~*~ (hiding).
 12661 | Lair:3   | Found a frozen archway.
 12776 | Lair:3   | Found a transporter.
 13169 | Lair:3   | 13169 ||| UPGRADING to +0 pair of gloves.
 13183 | Lair:4   | Received a gift from Okawaru
 13192 | Lair:4   | 13192 ||| DROPPING +0 morningstar.
 13231 | Lair:4   | 13231 ||| FLEEEEING.
 13233 | Lair:4   | 13233 ||| FLEEEEING.
 13235 | Lair:4   | 13235 ||| FLEEEEING.
 13236 | Lair:4   | 13236 ||| INVOKING Heroism.
 13237 | Lair:4   | 13237 ||| INVOKING Finesse.
 13291 | Lair:4   | 13291 ||| Stepping ~*~*~tactically~*~*~ (stealth).
 13295 | Lair:4   | 13295 ||| INVOKING Heroism.
 13339 | Lair:4   | Found a staircase to the Slime Pits.
 13372 | Lair:4   | Found a viscous altar of Jiyva.
 13394 | Lair:4   | 13394 ||| Stepping ~*~*~tactically~*~*~ (stealth).
 13398 | Lair:4   | Reached skill level 12 in Axes
 13539 | Lair:4   | 13539 ||| INVOKING Heroism.
 13540 | Lair:4   | 13540 ||| INVOKING Finesse.
 13541 | Lair:4   | 13541 ||| SWAPPING to +7 morningstar of venom.
 13548 | Lair:4   | 13548 ||| SWAPPING to +3 war axe of electrocution.
 13709 | Lair:4   | 13709 ||| INVOKING Heroism.
 13720 | Lair:4   | Reached skill level 9 in Armour
 14229 | Lair:4   | 14229 ||| Stepping ~*~*~tactically~*~*~ (stealth).
 14243 | Lair:4   | 14243 ||| INVOKING Heroism.
 14268 | Lair:4   | Received a gift from Okawaru
 14312 | Lair:4   | 14312 ||| INVOKING Heroism.
 14313 | Lair:4   | 14313 ||| INVOKING Finesse.
 14315 | Lair:4   | 14315 ||| SWAPPING to +7 morningstar of venom.
 14322 | Lair:4   | 14322 ||| SWAPPING to +3 war axe of electrocution.
 14398 | Lair:4   | 14398 ||| INVOKING Heroism.
 14399 | Lair:4   | 14399 ||| SWAPPING to +7 morningstar of venom.
 14400 | Lair:4   | 14400 ||| INVOKING Finesse.
 14406 | Lair:4   | 14406 ||| SWAPPING to +3 war axe of electrocution.
 14508 | Lair:4   | 14508 ||| UPGRADING to +4 plate armour of poison
                  | resistance.
 14518 | Lair:4   | 14518 ||| DROPPING +0 plate armour.
 14519 | Lair:4   | 14519 ||| READING 5 scrolls of identify.
 14519 | Lair:4   | 14519 ||| IDENTIFYING brown potion
 14520 | Lair:4   | 14520 ||| READING 4 scrolls of identify.
 14520 | Lair:4   | 14520 ||| IDENTIFYING silvery potion
 14521 | Lair:4   | 14521 ||| READING 3 scrolls of identify.
 14521 | Lair:4   | 14521 ||| IDENTIFYING murky golden potion
 14522 | Lair:4   | 14522 ||| DROPPING potion of degeneration.
 14523 | Lair:4   | 14523 ||| DROPPING potion of invisibility.
 14556 | Lair:5   | Entered Level 5 of the Lair of Beasts
 14606 | Lair:5   | 14606 ||| INVOKING Heroism.
 14611 | Lair:5   | Gained mutation: Your large and strong wings let you fly.
                  | [Gargoyle growth]
 14611 | Lair:5   | Reached XP level 14. HP: 88/88 MP: 18/21
 14639 | Lair:5   | 14639 ||| READING 3 scrolls of enchant weapon.
 14639 | Lair:5   | 14639 ||| ENCHANTING +3 war axe of electrocution.
 14640 | Lair:5   | 14640 ||| READING 2 scrolls of enchant weapon.
 14640 | Lair:5   | 14640 ||| ENCHANTING +4 war axe of electrocution.
 14641 | Lair:5   | 14641 ||| READING scroll of enchant weapon.
 14641 | Lair:5   | 14641 ||| ENCHANTING +5 war axe of electrocution.
 14665 | Lair:5   | 14665 ||| Stepping ~*~*~tactically~*~*~ (stealth).
 14668 | Lair:5   | 14668 ||| INVOKING Heroism.
 14715 | Lair:5   | 14715 ||| INVOKING Heroism.
 14748 | Lair:5   | Killed from afar by a molten gargoyle

Levels and vault maps discovered:
D:1:      ebering_trefoil_twist, layout_loops_corners, serial_forest,
          infiniplex_forest_lined_2, infiniplex_forest_straight_3,
          infiniplex_forest_clump_curved, infiniplex_forest_lined_2,
          infiniplex_forest_side_room, infiniplex_forest_join,
          minmay_pentomino_z2
D:2:      layout_basic, minivault_5, minivault_4
D:3:      layout_loops_ring, nicolae_uskayaw_en_pointe,
          minmay_shallow_snake_nest, uniq_grinder
D:4:      layout_basic, mainiacjoe_overflow_brackets,
          minmay_temple_entry_enclosed_plants
D:5:      minmay_evil_eye, layout_loops_ring
D:6:      layout_loops_corners, kennysheep_little_box,
          nicolae_dithmenos_shadow_blocks, serial_bayou_pond_d, uniq_edmund
D:7:      layout_loops_ring, mainiacjoe_overflow_concentric_impassable,
          uniq_duvessa, uniq_menkaure
D:8:      layout_loops_cross, mainiacjoe_overflow_alcove_4, enter_bailey_5,
          serial_shops, nicolae_shop_window_shopping, uniq_psyche
D:9:      layout_basic, chequers_temple_overflow_minitemple,
          minmay_lair_entry_grove, david_orc_4
Temple:   minmay_freezing_vapour_temple
Lair:1:   layout_loops_ring, serial_bayou_shore_a, grunt_megastairs_1, uniq_grum
Lair:2:   layout_chaotic_city, skrybe_swamp_entry_bodies,
          nicolae_spider_entry_tight_spaces, minmay_lair_oklob_items,
          chequers_serial_rivers_room_a, grunt_megastairs_5,
          infiniplex_staircase_pool_2
Lair:3:   layout_gridlike, gammafunk_ghost_arena, portal_ice_cave_rime,
          uniq_snorg, uniq_urug
Lair:4:   cheibrodos_lair_overgrown_chateau, layout_cave_pods, slime_entry_1,
          lemuel_fruit_tree
Lair:5:   cheibrodos_lair_end_hotspot, layout_gridlike

Skill      XL: |  1  2  3  4  5  6  7  8  9 10 11 12 13 |
---------------+----------------------------------------+-----
Axes           | 2 3 5 6 7 9 10 11 12 | 12.7
Throwing       | 1 2 3 |  3.0
Fighting       | 4 5 6 7 8 10 | 10.0
Dodging        | 2 |  2.2
Shields        | 7 11 12 13 14 | 14.8
Armour         | 4 6 7 9 |  9.0
Invocations    | 4 6 10 | 10.1

Action                   |  1- 3 |  4- 6 |  7- 9 | 10-12 | 13-15 || total
-------------------------+-------+-------+-------+-------+-------++-------
Melee: War axe           |    69 |    95 |   268 |   521 |   374 ||  1327
       Morningstar       |       |       |       |       |    14 ||    14
Throw: Javelin           |    15 |    24 |    37 |    61 |    47 ||   184
       Boomerang         |       |       |     3 |     9 |    15 ||    27
Invok: Heroism           |       |       |       |    20 |    16 ||    36
       Finesse           |       |       |       |     2 |     8 ||    10
  Use: Scroll            |     5 |     6 |     8 |     5 |    10 ||    34
       Potion            |       |     2 |     3 |     3 |     2 ||    10
Armor: Scale mail        |    32 |    27 |       |       |       ||    59
       Chain mail        |       |    26 |   171 |   123 |       ||   320
       Plate armour      |       |       |       |   184 |   140 ||   324
Dodge: Dodged            |    24 |    42 |    66 |   137 |    72 ||   341
Block: Buckler           |     9 |    19 |    13 |       |       ||    41
       Tower shield      |       |       |   159 |   549 |   301 ||  1009

Table legend:
 A = Non-vault XP
 B = Vault XP
 C = Vault XP percentage of total XP
 D = Non-vault monster count
 E = Vault monster count
 F = Vault count percentage of total count
                 A         B        C        D         E       F
            +---------+---------+-------+---------+---------+-------
      Total |   38090 |   22235 |  36.9 |     287 |     120 |  29.5
            +---------+---------+-------+---------+---------+-------
        D:1 |      27 |       4 |  12.9 |      14 |       2 |  12.5
        D:2 |      60 |       0 |   0.0 |      17 |       0 |   0.0
        D:3 |      35 |     288 |  89.2 |      10 |       9 |  47.4
        D:4 |     231 |       0 |   0.0 |      20 |       0 |   0.0
        D:5 |     673 |     138 |  17.0 |      16 |       4 |  20.0
        D:6 |     965 |     162 |  14.4 |      21 |       1 |   4.5
        D:7 |    1201 |     390 |  24.5 |      24 |       3 |  11.1
        D:8 |    1303 |     120 |   8.4 |      13 |       5 |  27.8
        D:9 |    2599 |    2813 |  52.0 |      23 |      29 |  55.8
     Lair:1 |   10066 |    3704 |  26.9 |      38 |      18 |  32.1
     Lair:2 |    6324 |    4194 |  39.9 |      24 |      20 |  45.5
     Lair:3 |    4065 |    2479 |  37.9 |      18 |       4 |  18.2
     Lair:4 |    7161 |    5190 |  42.0 |      28 |      16 |  36.4
     Lair:5 |    3380 |    2753 |  44.9 |      21 |       9 |  30.0
            +---------+---------+-------+---------+---------+-------
